SR
ELLESMERE ISLAND SNOWPEOPLE @ AMARILLO WARHEADS
08/23/2042
 
TOP OF THE 1ST
Ellesmere Island Snowpeople batting - Pitching for Amarillo Warheads : RHP Jérôme Fleury
Pitching: RHP Jérôme Fleury
Batting: SHB Clive Edney 0-0: Ground out 3-1 (Groundball, 34, EV 88.1 MPH)
Batting: RHB Ramón Rodríguez 0-0: Ball
1-0: Foul Ball, location: 2F
1-1: Ground out 6-3 (Groundball, 56, EV 86.2 MPH)
Batting: RHB Ramón Rodríguez 0-0: Ball
1-0: Foul Ball, location: 2F
1-1: SOLO HOME RUN (Flyball, 78XD, EV 93.1 MPH), Distance : 385 ft
Batting: RHB Ron Jackson 0-0: SINGLE (Line Drive, 34D, EV 104.4 MPH)
Batting: LHB James Moya 0-0: Ball
1-0: Ball
2-0: Called Strike
2-1: Foul Ball, location: 2F
2-2: Ball
3-2: Base on Balls
Ron Jackson to second
Batting: RHB Red Greene 0-0: Called Strike
0-1: Ball
1-1: Ball
2-1: Fielders Choice at 2nd, U4 (Groundball, 4M, EV 104.4 MPH)
Top of the 1st over - 1 run, 2 hits, 0 errors, 2 left on base; Ellesmere Island 1 - Amarillo 0
BOTTOM OF THE 1ST
Amarillo Warheads batting - Pitching for Ellesmere Island Snowpeople : RHP Dennis Heath
Pitching: RHP Dennis Heath
Batting: RHB Augusto Ortíz 0-0: DOUBLE (Flyball, 78D, EV 92.5 MPH)
Batting: RHB Roy Stewart 0-0: Ball
1-0: Called Strike
1-1: Foul Ball, location: 2F
1-2: Ground out 4-3 (Groundball, 4, EV 86.9 MPH)
Augusto Ortíz to third
Batting: SHB Mario Roldán 0-0: Swinging Strike
0-1: Fly out, F8 (Flyball, 8RXD, EV 91.9 MPH)
Runner from 3rd tags up, SCORES, no throw by CF
Batting: RHB Soshal Distan Singh 0-0: Ball
1-0: Foul Ball, location: 2F
1-1: Ground out 5-3 (Groundball, 5L, EV 88.8 MPH)
Bottom of the 1st over - 1 run, 1 hit, 0 errors, 0 left on base; Ellesmere Island 1 - Amarillo 1
TOP OF THE 2ND
Ellesmere Island Snowpeople batting - Pitching for Amarillo Warheads : RHP Jérôme Fleury
Batting: RHB Donald White 0-0: Ball
1-0: Foul Ball, location: 2F
1-1: Called Strike
1-2: Foul Ball, location: 2F
1-2: Ball
2-2: Foul Ball, location: 2F
2-2: Ground out 5-3 (Groundball, 56S, EV 78.1 MPH)
Batting: RHB Howard Moore 0-0: Called Strike
0-1: Fly out, F9 (Flyball, 89D, EV 93.8 MPH)
Batting: RHB Luis Rey 0-0: Called Strike
0-1: Ball
1-1: SINGLE (Line Drive, 7S, EV 106.2 MPH)
Batting: SHB Clive Edney 0-0: Fly out, F8 (Line Drive, 8LD, EV 95.0 MPH)
Top of the 2nd over - 0 runs, 1 hit, 0 errors, 1 left on base; Ellesmere Island 1 - Amarillo 1
BOTTOM OF THE 2ND
Amarillo Warheads batting - Pitching for Ellesmere Island Snowpeople : RHP Dennis Heath
Batting: LHB Tony Hernández 0-0: Ball
1-0: Swinging Strike
1-1: Ball
2-1: Fly out, F7 (Flyball, 7S, EV 83.8 MPH)
Batting: RHB Leland Sigurdson 0-0: Ball
1-0: SINGLE (Line Drive, 8RS, EV 86.9 MPH)
Batting: LHB Jönn Rennenberg 0-0: Ball
1-0: Ball
2-0: Called Strike
Leland Sigurdson steals 2nd, throwing error, E2
Leland Sigurdson to third
2-1: Ground out 4-3 (Groundball, 4, EV 103.1 MPH)
Leland Sigurdson scores
Batting: RHB Paul Hall 0-0: Called Strike
0-1: Ball
1-1: Swinging Strike
1-2: Ball
2-2: Ground out 5-3 (Groundball, 56S, EV 85.0 MPH)
Bottom of the 2nd over - 1 run, 1 hit, 1 error, 0 left on base; Ellesmere Island 1 - Amarillo 2
TOP OF THE 3RD
Ellesmere Island Snowpeople batting - Pitching for Amarillo Warheads : RHP Jérôme Fleury
Batting: RHB Ramón Rodríguez 0-0: Swinging Strike
0-1: Ball
1-1: Ball
2-1: Ground out 4-3 (Groundball, 4, EV 93.8 MPH)
Batting: RHB Ramón Rodríguez 0-0: Ball
1-0: Ball
2-0: Foul Ball, location: 2F
2-1: SINGLE (Line Drive, 4M, EV 100.0 MPH)
Batting: RHB Ron Jackson 0-0: TRIPLE (Flyball, 8LXD, EV 109.4 MPH)
Ramón Rodríguez scores
Batting: LHB James Moya 0-0: Ball
1-0: Foul Ball, location: 2F
1-1: Ball
2-1: Called Strike
2-2: Strikes out looking
Batting: RHB Red Greene 0-0: Ball
1-0: Called Strike
1-1: Foul Ball, location: 2F
1-2: Ground out 5-3 (Groundball, 56S, EV 71.9 MPH)
Top of the 3rd over - 1 run, 2 hits, 0 errors, 1 left on base; Ellesmere Island 2 - Amarillo 2
BOTTOM OF THE 3RD
Amarillo Warheads batting - Pitching for Ellesmere Island Snowpeople : RHP Dennis Heath
Batting: RHB Jin-u Kim 0-0: Called Strike
0-1: Ball
1-1: Foul Ball, location: 2F
1-2: Ball
2-2: Ball
3-2: Base on Balls
Batting: RHB Augusto Ortíz 0-0: Ball
1-0: Ball
2-0: SINGLE (Line Drive, 8LS, EV 106.9 MPH)
Jin-u Kim to second
Batting: RHB Roy Stewart 0-0: Ball
1-0: Swinging Strike
1-1: Foul Ball, location: 2F
1-2: Strikes out swinging
Batting: SHB Mario Roldán 0-0: Fly out, F4 (Popup, 4D, EV 55.0 MPH)
Batting: RHB Soshal Distan Singh 0-0: Ground out 1-3 (Groundball, 13, EV 84.4 MPH)
Bottom of the 3rd over - 0 runs, 1 hit, 0 errors, 2 left on base; Ellesmere Island 2 - Amarillo 2
TOP OF THE 4TH
Ellesmere Island Snowpeople batting - Pitching for Amarillo Warheads : RHP Jérôme Fleury
Batting: RHB Donald White 0-0: SOLO HOME RUN (Flyball, 78XD, EV 100.0 MPH), Distance : 445 ft
Batting: RHB Howard Moore 0-0: Called Strike
0-1: Ground out U3 (Groundball, 34, EV 104.4 MPH)
Batting: RHB Luis Rey 0-0: Ground out 5-3 (Groundball, 56, EV 90.0 MPH)
Batting: SHB Clive Edney 0-0: Swinging Strike
0-1: Foul Ball, location: 2F
0-2: Ball
1-2: Foul Ball, location: 2F
1-2: Ball
2-2: SINGLE (Groundball, 34D, EV 100.6 MPH)
Batting: RHB Ramón Rodríguez 0-0: Ball
1-0: Foul Ball, location: 2F
1-1: Ball
2-1: Foul Ball, location: 2F
2-2: Ball
3-2: SINGLE (Flyball, 34D, EV 100.0 MPH)
Clive Edney to second
Clive Edney to third
Batting: RHB Ramón Rodríguez 0-0: SINGLE (Groundball, 56D, EV 94.4 MPH)
Clive Edney scores
Ramón Rodríguez to second
Batting: RHB Ron Jackson 0-0: Ball
1-0: Foul Ball, location: 2F
1-1: Ball
2-1: Foul Ball, location: 2F
2-2: Strikes out swinging
Top of the 4th over - 2 runs, 4 hits, 0 errors, 2 left on base; Ellesmere Island 4 - Amarillo 2
BOTTOM OF THE 4TH
Amarillo Warheads batting - Pitching for Ellesmere Island Snowpeople : RHP Dennis Heath
Batting: LHB Tony Hernández 0-0: Foul Ball, location: 2F
0-1: Fly out, F7 (Flyball, 78D, EV 86.2 MPH)
Batting: RHB Leland Sigurdson 0-0: Swinging Strike
0-1: Bunted foul
0-2: Ground out 6-3 (Groundball, 6, EV 85.6 MPH)
Batting: LHB Jönn Rennenberg 0-0: SINGLE (Line Drive, 6D, EV 103.1 MPH)
Batting: RHB Paul Hall 0-0: Foul Ball, location: 2F
0-1: Ball
1-1: Ball
2-1: SINGLE (Line Drive, 56, EV 96.2 MPH)
Jönn Rennenberg to second
Batting: RHB Jin-u Kim 0-0: Hit by Pitch
Jönn Rennenberg to third
Paul Hall to second
Batting: RHB Augusto Ortíz 0-0: Ball
1-0: Ground out 5-3 (Groundball, 56S, EV 82.5 MPH)
Bottom of the 4th over - 0 runs, 2 hits, 0 errors, 3 left on base; Ellesmere Island 4 - Amarillo 2
TOP OF THE 5TH
Ellesmere Island Snowpeople batting - Pitching for Amarillo Warheads : RHP Jérôme Fleury
Batting: LHB James Moya 0-0: Ball
1-0: Foul Ball, location: 2F
1-1: Swinging Strike
1-2: Strikes out swinging
Batting: RHB Red Greene 0-0: Fly out, F4 (Popup, 34S, EV 75.6 MPH)
Batting: RHB Donald White 0-0: Fly out, F7 (Flyball, 7, EV 88.8 MPH)
Top of the 5th over - 0 runs, 0 hits, 0 errors, 0 left on base; Ellesmere Island 4 - Amarillo 2
BOTTOM OF THE 5TH
Amarillo Warheads batting - Pitching for Ellesmere Island Snowpeople : RHP Dennis Heath
Batting: RHB Roy Stewart 0-0: SINGLE (Line Drive, 7LS, EV 90.0 MPH)
Batting: SHB Mario Roldán 0-0: Ball
1-0: Ball
2-0: Called Strike
Roy Stewart steals 2nd base
2-1: Called Strike
2-2: Ball
3-2: SINGLE (Groundball, 4MD, EV 95.6 MPH)
Roy Stewart to third
Batting: RHB Soshal Distan Singh 0-0: Ball
1-0: Fielders Choice at 2nd, 2-4 (Groundball, 2L, EV 71.9 MPH)
Batting: LHB Tony Hernández 0-0: Called Strike
0-1: Ball
1-1: Swinging Strike
1-2: Ground out U3 (Groundball, 3S, EV 92.5 MPH)
Soshal Distan Singh to second
Batting: RHB Leland Sigurdson 0-0: Ball
1-0: Swinging Strike
1-1: Swinging Strike
1-2: Strikes out swinging
Bottom of the 5th over - 0 runs, 2 hits, 0 errors, 2 left on base; Ellesmere Island 4 - Amarillo 2
TOP OF THE 6TH
Ellesmere Island Snowpeople batting - Pitching for Amarillo Warheads : RHP Jérôme Fleury
Batting: RHB Howard Moore 0-0: Fly out, F8 (Flyball, 8LS, EV 85.0 MPH)
Batting: RHB Luis Rey 0-0: Called Strike
0-1: Called Strike
0-2: Ball
1-2: Ball
2-2: Ball
3-2: Foul Ball, location: 2F
3-2: Fly out, F8 (Flyball, 89S, EV 81.2 MPH)
Batting: SHB Clive Edney 0-0: Ground out 5-3 (Groundball, 56, EV 103.1 MPH)
Top of the 6th over - 0 runs, 0 hits, 0 errors, 0 left on base; Ellesmere Island 4 - Amarillo 2
BOTTOM OF THE 6TH
Amarillo Warheads batting - Pitching for Ellesmere Island Snowpeople : RHP Dennis Heath
Batting: LHB Jönn Rennenberg 0-0: Called Strike
0-1: Foul Ball, location: 2F
0-2: Ball
1-2: Ball
2-2: Foul Ball, location: 2F
2-2: Ball
3-2: Base on Balls
Batting: RHB Paul Hall 0-0: Ball
1-0: Foul Ball, location: 2F
1-1: Ball
2-1: Called Strike
2-2: SINGLE (Line Drive, 3D, EV 98.8 MPH)
Jönn Rennenberg to second
Runner from 2nd tries for 3rd, SAFE, throw by RF made to third
Batting: RHB Jin-u Kim 0-0: Fly out, F8 (Flyball, 89D, EV 100.6 MPH)
Runner from 3rd tags up, SCORES, throw by CF
Batting: RHB Augusto Ortíz 0-0: Ball
1-0: Swinging Strike
1-1: Fly out, F8 (Flyball, 8LD, EV 92.5 MPH)
Batting: RHB Roy Stewart 0-0: Called Strike
0-1: Foul Ball, location: 2F
0-2: Ball
1-2: Foul Ball, location: 2F
1-2: Strikes out swinging
Bottom of the 6th over - 1 run, 1 hit, 0 errors, 1 left on base; Ellesmere Island 4 - Amarillo 3
TOP OF THE 7TH
Ellesmere Island Snowpeople batting - Pitching for Amarillo Warheads : RHP Jérôme Fleury
Pitching: RHP Alfredo Flores
Batting: RHB Ramón Rodríguez 0-0: Ball
1-0: Foul Ball, location: 2F
1-1: Ball
2-1: Foul Ball, location: 2F
2-2: Ball
3-2: Foul Ball, location: 2F
3-2: Ground out 1-3 (Groundball, 13S, EV 69.4 MPH)
Batting: RHB Ramón Rodríguez 0-0: Ball
1-0: Swinging Strike
1-1: DOUBLE (Flyball, 78XD, EV 102.5 MPH)
Batting: RHB Ron Jackson 0-0: Foul Ball, location: 2F
0-1: Ball
1-1: Ball
2-1: Foul Ball, location: 2F
2-2: Ball
3-2: SINGLE (Flyball, 89M, EV 86.2 MPH)
Ramón Rodríguez to third
Runner from 3rd tries for Home, SAFE, throw by RF to home
Batting: LHB James Moya 0-0: Swinging Strike
0-1: Foul Ball, location: 2F
0-2: Strikes out swinging
Batting: RHB Red Greene 0-0: Ball
1-0: Called Strike
Ron Jackson is caught stealing 2nd base 2-4
Top of the 7th over - 1 run, 2 hits, 0 errors, 0 left on base; Ellesmere Island 5 - Amarillo 3
BOTTOM OF THE 7TH
Amarillo Warheads batting - Pitching for Ellesmere Island Snowpeople : RHP Dennis Heath
Batting: SHB Mario Roldán 0-0: Ball
1-0: Foul Ball, location: 2F
1-1: Foul Ball, location: 2F
1-2: Foul Ball, location: 2F
1-2: Fly out, F5 (Popup, 56, EV 70.6 MPH)
Batting: RHB Soshal Distan Singh 0-0: Foul Ball, location: 2F
0-1: Foul Ball, location: 2F
0-2: Ball
1-2: Ball
2-2: Ball
3-2: Base on Balls
Pitching: RHP Aberto Gaddi
Batting: LHB Tony Hernández 0-0: Foul Ball, location: 2F
0-1: Called Strike
0-2: Ball
1-2: Fly out, F7 (Line Drive, 7, EV 98.8 MPH)
Batting: RHB Leland Sigurdson 0-0: Ball
1-0: Ball
2-0: Ball
3-0: Called Strike
3-1: Fly out, F8 (Flyball, 78D, EV 91.9 MPH)
Bottom of the 7th over - 0 runs, 0 hits, 0 errors, 1 left on base; Ellesmere Island 5 - Amarillo 3
TOP OF THE 8TH
Ellesmere Island Snowpeople batting - Pitching for Amarillo Warheads : RHP Alfredo Flores
Batting: RHB Red Greene 0-0: Ball
1-0: Fly out, F8 (Line Drive, 8RD, EV 98.8 MPH)
Batting: RHB Donald White 0-0: Ball
1-0: Foul Ball, location: 2F
1-1: Called Strike
1-2: Ball
2-2: Strikes out swinging
Batting: RHB Howard Moore 0-0: Swinging Strike
0-1: Foul Ball, location: 2F
0-2: SOLO HOME RUN (Flyball, 78XD, EV 96.2 MPH), Distance : 393 ft
Batting: RHB Luis Rey 0-0: Ball
1-0: Foul Ball, location: 2F
1-1: Swinging Strike
1-2: Strikes out swinging
Top of the 8th over - 1 run, 1 hit, 0 errors, 0 left on base; Ellesmere Island 6 - Amarillo 3
BOTTOM OF THE 8TH
Amarillo Warheads batting - Pitching for Ellesmere Island Snowpeople : RHP Aberto Gaddi
Now at 3B: Frank Steeneveld
Batting: LHB Jönn Rennenberg 0-0: Ball
1-0: Swinging Strike
1-1: Ball
2-1: Foul Ball, location: 2F
2-2: Foul Ball, location: 2F
2-2: Ball
3-2: Base on Balls
Batting: RHB Paul Hall 0-0: Foul Ball, location: 2F
0-1: Ball
1-1: Swinging Strike
1-2: Reached on error, E5 (Groundball, 5, EV 88.1 MPH)
Jönn Rennenberg to second
Batting: RHB Jin-u Kim 0-0: Called Strike
0-1: Foul Ball, location: 2F
0-2: Ball
1-2: Foul Ball, location: 2F
1-2: Ball
2-2: Ball
3-2: Base on Balls
Jönn Rennenberg to third
Paul Hall to second
Batting: RHB Augusto Ortíz 0-0: Ball
1-0: Fly out, F7 (Line Drive, 7, EV 103.8 MPH)
Batting: RHB Roy Stewart 0-0: Called Strike
0-1: Foul Ball, location: 2F
0-2: Ball
1-2: Ball
2-2: Ball
3-2: Foul Ball, location: 2F
3-2: Strikes out looking
Batting: SHB Mario Roldán 0-0: Called Strike
0-1: Ball
1-1: Called Strike
1-2: DOUBLE (Line Drive, 89M, EV 100.0 MPH)
Jönn Rennenberg scores
Paul Hall scores
Jin-u Kim to third
Runner from 3rd tries for Home, throw by RF and OUT! 9-4-2
Bottom of the 8th over - 2 runs, 1 hit, 1 error, 1 left on base; Ellesmere Island 6 - Amarillo 5
TOP OF THE 9TH
Ellesmere Island Snowpeople batting - Pitching for Amarillo Warheads : RHP Alfredo Flores
Batting: SHB Clive Edney 0-0: Called Strike
0-1: Called Strike
0-2: SINGLE (Flyball, 7S, EV 90.0 MPH)
Pitching: RHP Quentin Calkhoven
Batting: RHB Ramón Rodríguez 0-0: Called Strike
Clive Edney is caught stealing 2nd base 2-4
0-1: Called Strike
0-2: Foul Ball, location: 2F
0-2: Foul Ball, location: 2F
0-2: Ball
1-2: Ball
2-2: Fly out, F9 (Line Drive, 9, EV 98.1 MPH)
Batting: RHB Ramón Rodríguez 0-0: Ball
1-0: Foul Ball, location: 2F
1-1: Ball
2-1: Swinging Strike
2-2: Ball
3-2: Foul Ball, location: 2F
3-2: Strikes out swinging
Top of the 9th over - 0 runs, 1 hit, 0 errors, 0 left on base; Ellesmere Island 6 - Amarillo 5
BOTTOM OF THE 9TH
Amarillo Warheads batting - Pitching for Ellesmere Island Snowpeople : RHP Aberto Gaddi
Pitching: RHP Danny Antonio
Pinch Hitting: SHB Warren Espiritu 0-0: Ball
1-0: Ball
2-0: Ball
3-0: Foul Ball, location: 2F
3-1: Called Strike
3-2: Foul Ball, location: 2F
3-2: Strikes out swinging
Batting: LHB Tony Hernández 0-0: Called Strike
0-1: Ball
1-1: Called Strike
1-2: Ball
2-2: Ball
3-2: Strikes out swinging
Batting: RHB Leland Sigurdson 0-0: Called Strike
0-1: Foul Ball, location: 2F
0-2: Strikes out looking
Bottom of the 9th over - 0 runs, 0 hits, 0 errors, 0 left on base; Ellesmere Island 6 - Amarillo 5
Friday, March 26th, 2021 - OOTP Baseball 20.8 Build 74